 Dungeon Crawl Stone Soup version 0.17-a0-1798-g879a7aa (webtiles) character file.

49 ololoev the Magician (level 3, 0/29 HPs)
             Began as a Draconian Skald on Sept 10, 2015.
             Slain by Natasha (7 damage)
             ... on level 2 of the Dungeon.
             The game lasted 00:03:08 (1559 turns).

ololoev the Magician (Draconian Skald)              Turns: 1559, Time: 00:03:08

Health: 0/29       AC:  5    Str: 14    XL:     3   Next: 53%
Magic:  5/7        EV: 11    Int: 13    God:
Gold:   32         SH:  0    Dex: 10    Spells: 2 memorised, 4 levels left

rFire  . . .     SeeInvis .     a - +0 spear
rCold  . . .     Clarity  .     (armour unavailable)
rNeg   . . .     SustAt   .     (no shield)
rPois  .         Gourm    .     (helmet restricted)
rElec  .         Spirit   .     (no cloak)
rCorr  .         Warding  .     (no gloves)
rMut   .         Stasis   .     (no boots)
MR     .....                    (no amulet)
Stlth  +.........               (no ring)
                                (no ring)

@: infused, not resistant to hostile enchantments, very unstealthy
A: unfitting armour, cold-blooded, AC +5
a: no special abilities


Innate Abilities, Weirdness & Mutations

Your plain brown scales are hard (AC +5).
Your body does not fit into most forms of armour.
You are cold-blooded and may be slowed by cold attacks.

Inventory:

Hand weapons
 a - a +0 spear (weapon)
Missiles
 j - a throwing net (quivered)
Armour
 e - a +0 buckler
Scrolls
 i - 4 scrolls of identify {unknown}
Potions
 d - a potion of curing {unknown}
 f - a potion of lignification {unknown}
 h - a potion of invisibility {unknown}
Books
 b - a book of Battle

   Spells                             Type                      Level
   a - Infusion                       Charms                       1
   b - Shroud of Golubria             Charms/Translocation         2
   c - Song of Slaying                Charms                       2
   d - Spectral Weapon                Hexes/Charms                 3
   e - Regeneration                   Charms/Necromancy            3
Comestibles
 c - 2 bread rations
 g - a royal jelly
 k - 2 fruits
 l - 3 meat rations


   Skills:
 - Level 2.1 Fighting
 + Level 2.6 Polearms
 - Level 1.3 Dodging
 + Level 1.7 Shields
 + Level 2.7 Spellcasting
 - Level 2.6 Charms


You had 4 spell levels left.
You knew the following spells:

 Your Spells              Type           Power        Failure   Level  Hunger
a - Infusion              Chrm           #.....       10%         1    #......
b - Song of Slaying       Chrm           #.......     14%         2    ###....


You were on level 2 of the Dungeon.
You were hungry.

You visited 1 branch of the dungeon, and saw 2 of its levels.

You collected 32 gold pieces.

..#.##............#
#...##............#
....##...##.##+#.....
#
....##...##......####
# .<..##...##......#..
. ....##)............h
# ....##...##......#.#
##
.......#.##.....h#.#
#.
.....#.#.##...[5@#.#
#.
####.#.#.#.........#
#. #...#.#......######
## ##..#.#............
#..#.#.###.)......
#####..#.#'###........
####
.............#........
#...
######.......#........
#... #.......#.#######
#...

Notes
Turn   | Place    | Note
--------------------------------------------------------------
     0 | D:1      | ololoev the Draconian Skald began the quest for the Orb.
     0 | D:1      | Reached XP level 1. HP: 17/17 MP: 3/3
   321 | D:1      | Reached XP level 2. HP: 21/24 MP: 5/5
   327 | D:1      | Learned a level 2 spell: Song of Slaying
   600 | D:1      | Reached skill level 1 in Shields
   735 | D:1      | Reached XP level 3. HP: 14/29 MP: 0/6
  1494 | D:2      | Noticed Sigmund
  1547 | D:2      | Noticed Natasha
  1559 | D:2      | Slain by Natasha

Dungeon Overview and Level Annotations

Branches:
Dungeon (2/15)

Altars:

Annotations:
D:2 Natasha, Sigmund


Message History

Natasha hisses angrily.
Natasha stares at you and mumbles some strange words.
The magic dart hits you!
Casting: Song of Slaying
Confirm with . or Enter, or press ? or * to list all spells.
You begin infusing your attacks with magical energy.
Attack whom?
Press: ? - help, Dir - move target cursor, f - Natasha
Aim: Natasha You reach to attack!
You hit Natasha.
Natasha is moderately wounded.
You barely miss Natasha.
Natasha is moderately wounded.
Natasha closely misses you.
You hit Natasha but do no damage.
Natasha is moderately wounded.
Natasha claws you but does no damage.
You hit Natasha.
Natasha is heavily wounded.
Natasha barely misses you.
You closely miss Natasha.
Natasha is heavily wounded.
Natasha claws you.
You barely miss Natasha.
Your tail-slap misses Natasha.
Natasha is heavily wounded.
Natasha claws you.
You closely miss Natasha.
Your tail-slap misses Natasha.
Natasha is heavily wounded.
Natasha casts a spell.
You closely miss Natasha.
You tail-slap Natasha, but do no damage.
Natasha is heavily wounded.
Natasha closely misses you.
You barely miss Natasha.
Natasha is heavily wounded.
The iron imp hits you! Natasha claws you.
You hit Natasha.
Natasha is almost dead.
The iron imp misses you. Natasha claws you!
You die...

You could see an iron imp and Natasha.

Vanquished Creatures
  An ooze (D:1)
  2 giant geckos
  3 bats
  4 giant cockroaches (D:1)
  9 goblins
  4 hobgoblins
  A quokka (D:2)
  2 ball pythons
  2 giant newts
  2 jackals (D:2)
  3 kobolds (D:1)
  8 rats
41 creatures vanquished.

Action                   || total
-------------------------++-------
Melee: Spear             ||   177
 Cast: Infusion          ||     4
       Song of Slaying   ||     2
 Stab: Sleeping          ||     1
  Eat: Chunk             ||     2

Vault maps used:
D:1:      dpeg_arrival_arbitrary_a, minmay_misc_feat_pillars
D:2:      first_bread, minmay_misc_feat_square, uniq_natasha, uniq_sigmund,
          uniq_crazy_yiuf_cottage
